AoeStats
← Blyad _Mann

Black Forest

509422311Analyzed
4v4 RM · 6d ago on Sep 26, 2026· 52m 36s· 8 players
Game mode
Random Map
Map size
Large (8 player)
Population
200
Speed
Normal
Resources
Standard
Victory
Conquest
Starting age
Dark Age
Ending age
Imperial Age
RankedLock teamsTeams togetherTeam positionsShared explorationLock speedFull tech treeHidden civsTurbo modeCheats
Victory
Defeat
🇮🇳 Mongols · India
965
+15
🇮🇳 Huns · India
951
+16
🇮🇳 Armenians · India
950
+16
🇮🇳 Persians · India
949
+16
🇫🇷 Franks · France
970
-17
🇺🇸 Vietnamese · United States
955
-16
🇳🇱 Varangians · Netherlands
934
-15
🇷🇴 Magyars · Romania
927
-15
PoacherCrooks
0:36 Loom
12:02 Feudal Age
18:17 Castle Age
17:05 Stone Mining
17:06 Gold Mining
17:20 Double-Bit Axe
19:21 Bow Saw
19:50 Gold Shaft Mining
22:00 Wheelbarrow
29:59 Imperial Age
28:44 Hand Cart
28:18 Town Watch
33:20 Conscription
33:01 Chivalry
33:40 Hoardings
32:52 Arson
33:07 Squires
32:28 Pikeman
32:28 Man-at-Arms
33:47 Town Patrol
33:41 Treadmill Crane
33:57 Murder Holes
34:15 Fortified Wall
35:07 Chemistry
36:19 Siege Engineers
36:22 Scale Barding Armor
36:18 Scale Mail Armor
36:29 Forging
36:23 Husbandry
35:44 Cavalier
38:23 Chain Barding Armor
38:18 Chain Mail Armor
37:51 Arrowslits
38:18 Masonry
37:48 Paladin
41:58 Plate Barding Armor
41:59 Iron Casting
44:00 Elite Throwing Axeman
46:13 Ordonnance Companies
Blyad _Mann
0:26 Loom
15:09 Feudal Age
15:45 Double-Bit Axe
15:48 Fishing Lines
23:11 Castle Age
23:40 Forging
23:30 Scale Mail Armor
23:35 Scale Barding Armor
24:22 Bow Saw
25:47 Wheelbarrow
26:01 Gillnets
26:19 Town Watch
27:52 Horse Collar
30:23 Hand Cart
34:10 Imperial Age
32:12 Chain Mail Armor
33:07 Iron Casting
32:42 Squires
33:24 Horse Collar
33:35 Pikeman
34:01 Gambesons
33:41 Vendel Legacy
34:38 Caravan
36:03 Blast Furnace
35:33 Plate Mail Armor
35:50 Husbandry
35:10 Light Cavalry
36:00 Bloodlines
37:13 Two-Man Saw
36:27 Guilds
35:50 Cavalier
36:52 Chain Barding Armor
36:47 Hussar
38:00 Plate Mail Armor
38:02 Gold Mining
38:04 Stone Mining
37:41 Elite Varangian Guard
39:09 Conscription
39:57 Plate Barding Armor
39:48 Gothikon
40:47 Halberdier
aktaa_darwish
0:38 Loom
11:17 Feudal Age
12:33 Double-Bit Axe
21:05 Castle Age
19:08 Fishing Lines
19:56 Horse Collar
23:20 Bow Saw
23:13 Heavy Plow
23:07 Gillnets
23:55 Stone Mining
23:56 Gold Mining
27:25 Gold Shaft Mining
30:37 Bloodlines
30:28 Husbandry
29:51 Pikeman
30:16 Arson
31:03 Scale Barding Armor
30:58 Scale Mail Armor
31:05 Caravan
35:57 Imperial Age
34:56 Corvinian Army
35:22 Chain Barding Armor
35:17 Chain Mail Armor
35:48 Wheelbarrow
34:58 Town Watch
36:05 Elite Magyar Huszar
37:06 Conscription
37:09 Town Patrol
37:27 Hand Cart
37:45 Crop Rotation
38:27 Two-Man Saw
37:11 Onager
39:41 Plate Barding Armor
41:06 Halberdier
papiro
0:26 Loom
13:16 Feudal Age
14:45 Wheelbarrow
15:17 Horse Collar
15:34 Horse Collar
15:49 Town Watch
20:02 Castle Age
18:00 Double-Bit Axe
18:24 Stone Mining
18:40 Gold Mining
21:06 Hand Cart
21:16 Heavy Plow
21:29 Bow Saw
21:56 Stone Shaft Mining
21:57 Treadmill Crane
22:30 Town Patrol
26:27 Caravan
31:46 Imperial Age
29:17 Fletching
29:52 Ballistics
30:15 Padded Archer Armor
31:35 Bodkin Arrow
31:53 Masonry
33:40 Two-Man Saw
33:10 Paper Money
34:11 Chemistry
33:44 Leather Archer Armor
35:56 Crop Rotation
35:39 Bracer
37:04 Ring Archer Armor
36:43 Elite Rattan Archer
38:53 Hoardings
39:57 Fortified Wall
41:03 Siege Engineers
41:45 Murder Holes
45:09 Bombard Tower
GuptasLegacy
12:02 Feudal Age
12:27 Horse Collar
13:19 Double-Bit Axe
17:45 Castle Age
22:15 Heavy Plow
22:41 Bow Saw
26:07 Gold Mining
30:06 Imperial Age
28:15 Wheelbarrow
27:28 Town Watch
28:24 Gold Shaft Mining
28:50 Caravan
29:54 Forging
29:44 Scale Mail Armor
30:23 Stone Mining
31:13 Iron Casting
30:43 Man-at-Arms
32:49 Conscription
32:34 Fereters
32:47 Chain Mail Armor
33:32 Blast Furnace
33:13 Hand Cart
33:04 Long Swordsman
33:57 Gambesons
34:12 Squires
33:58 Arson
34:48 Plate Mail Armor
34:35 Town Patrol
34:46 Two-Handed Swordsman
35:46 Champion
38:45 Capped Ram
39:38 Fortified Wall
39:48 Ballistics
40:29 Chemistry
39:26 Murder Holes
39:42 Masonry
39:56 Fletching
40:07 Padded Archer Armor
43:28 Bodkin Arrow
43:48 Leather Archer Armor
45:09 Elite Composite Bowman
45:51 Pikeman
46:36 Onager
47:35 Bracer
48:05 Ring Archer Armor
47:36 Loom
51:38 Halberdier
53:09 Bombard Tower
clueless
12:44 Feudal Age
16:55 Castle Age
14:44 Double-Bit Axe
14:43 Horse Collar
14:57 Gold Mining
14:58 Stone Mining
18:45 Loom
19:36 Wheelbarrow
23:39 Bow Saw
23:32 Heavy Plow
24:45 Hand Cart
25:14 Caravan
25:49 Town Watch
30:55 Husbandry
31:07 Bloodlines
33:54 Imperial Age
33:15 Scale Barding Armor
33:21 Forging
33:04 Fletching
34:16 Ballistics
34:07 Capped Ram
35:11 Drill
35:12 Conscription
34:35 Elite Steppe Lancer
36:55 Siege Ram
37:00 Onager
38:28 Chain Barding Armor
38:44 Iron Casting
42:55 Blast Furnace
43:44 Siege Onager
48:04 Siege Engineers
49:00 Chemistry
51:11 Light Cavalry
kundan
11:14 Feudal Age
17:38 Castle Age
15:42 Double-Bit Axe
19:33 Bow Saw
19:09 Horse Collar
21:19 Wheelbarrow
20:51 Heavy Plow
24:56 Hand Cart
28:16 Stone Mining
28:19 Gold Mining
32:38 Imperial Age
30:55 Kamandaran
31:06 Scale Barding Armor
31:13 Forging
31:04 Padded Archer Armor
30:54 Fletching
32:26 Stone Shaft Mining
32:31 Gold Shaft Mining
33:14 Chain Barding Armor
33:30 Iron Casting
32:51 Elite War Elephant
33:52 Conscription
33:52 Thumb Ring
34:29 Leather Archer Armor
34:11 Bodkin Arrow
34:18 Crossbowman
36:38 Chemistry
35:58 Ballistics
35:30 Heated Shot
37:10 Two-Man Saw
37:49 Ring Archer Armor
37:55 Plate Barding Armor
38:21 Blast Furnace
40:48 Crop Rotation
47:18 Citadels
Shanu
2:04 Loom
12:03 Feudal Age
13:47 Horse Collar
21:04 Castle Age
19:35 Double-Bit Axe
20:40 Gold Mining
20:43 Stone Mining
21:49 Heavy Plow
22:22 Bow Saw
23:35 Wheelbarrow
26:04 Town Watch
27:53 Fletching
28:05 Padded Archer Armor
29:28 Ballistics
30:40 Murder Holes
31:26 Bodkin Arrow
31:47 Leather Archer Armor
32:31 Masonry
33:21 Scale Barding Armor
33:27 Forging
33:21 Husbandry
33:32 Bloodlines
32:44 Light Cavalry
34:36 Gold Shaft Mining
34:40 Thumb Ring
35:11 Chain Barding Armor
34:56 Marauders
35:39 Hand Cart
36:35 Caravan
40:27 Imperial Age
37:59 Town Patrol
40:28 Iron Casting
41:24 Bracer
42:01 Plate Barding Armor
42:27 Blast Furnace
42:20 Parthian Tactics
41:19 Heavy Cavalry Archer
41:58 Capped Ram
44:34 Siege Ram
45:34 Scale Mail Armor
45:58 Conscription
49:16 Squires
51:20 Elite Tarkan
51:34 Sappers
Connection lost

Rejoining the realm…

Still unreachable

The connection could not be restored.

Session expired

The server has moved on; the page needs a fresh start.